 Dungeon Crawl Stone Soup version 0.28.0-43-g3370ac3207 (webtiles) character file.

Game seed: 5019549391735714491

1250 Zeld the Magician (level 8, -5/41 HPs)
             Began as a Deep Elf Fire Elementalist on Mar 10, 2022.
             Slain by an ogre
             ... wielding a +0 giant spiked club
              (27 damage)
             ... on level 5 of the Dungeon.
             The game lasted 00:04:50 (6261 turns).

Zeld the Magician (Deep Elf Fire Elementalist)      Turns: 6261, Time: 00:04:50

Health: -5/41      AC:  4    Str:  5    XL:     8   Next: 26%
Magic:  1/21       EV: 13    Int: 23    God:
Gold:   204        SH:  0    Dex: 15    Spells: 15/22 levels left

rFire   . . .      SeeInvis .   (no weapon)
rCold   . . .      Faith    .   (no shield)
rNeg    . . .      Spirit   .   a - +0 robe
rPois   .          Reflect  .   (no helmet)
rElec   .          Harm     .   n - +0 cloak
rCorr   .          Rampage  .   c - +0 pair of gloves
Will    .....                   (no boots)
Stlth   +++.......              (no amulet)
HPRegen 0.13/turn               (no ring)
MPRegen 0.17/turn               (no ring)

@: no status effects
A: no striking features
a: no special abilities


You were on level 5 of the Dungeon.
You visited 2 branches of the dungeon, and saw 6 of its levels.

You collected 204 gold pieces.

Inventory:

Armour
 a - a +0 robe (worn)
 c - a +0 pair of gloves (worn)
 n - a +0 cloak (worn)
Scrolls
 b - 2 scrolls of noise {unknown}
 h - 2 scrolls of identify {unknown}
 i - a scroll of enchant armour {unknown}
 j - 2 scrolls of amnesia {unknown}
 k - 2 scrolls of fog {unknown}
 l - a scroll of silence {unknown}
Potions
 d - a potion of attraction {unknown}
 e - 2 potions of heal wounds {unknown}
 f - 2 potions of curing {unknown}
 g - a potion of might {unknown}
 m - a potion of berserk rage {unknown}


   Skills:
 - Level 4.0 Dodging
 + Level 5.6 Stealth
 * Level 7.8 Spellcasting
 + Level 4.2 Conjurations
 * Level 6.9 Fire Magic


You had 15 spell levels left.
You knew the following spells:

 Your Spells              Type           Power      Damage    Failure   Level
a - Foxfire               Conj/Fire      100%       2x1d9     1%          1
b - Scorch                Fire           80%        2d9       1%          2
c - Flame Wave            Conj/Fire      34%        2d8       7%          4

Your spell library contained the following spells:

 Spells                   Type           Power      Damage    Failure   Level
 Conjure Flame            Conj/Fire      34%        6-21      2%          3
 Inner Flame              Hex/Fire       24%        N/A       4%          3
 Fireball                 Conj/Fire      17%        3d9       21%         5
 Fire Storm               Conj/Fire      17%        8d4       100%        9


Dungeon Overview and Level Annotations

Branches:
Dungeon (5/15)             Temple (1/1) D:4

Altars:
Ashenzari
Cheibriados
Dithmenos
Elyvilon
Gozag
Hepliaklqana
Makhleb
Wu Jian
Xom
Lugonu

Shops:
D:3 [


Message History

Deactivating autopickup; reactivate with Ctrl-A.
Unknown command.
Unknown command.
Unknown command.
Unknown command.
Unknown command.
A wave of flame ripples out!
The flame wave engulfs the ogre!
The ogre is moderately wounded.
You finish channelling waves of flame.
Unknown command.
Casting: Flame Wave (quite dangerous; 7% risk of failure)
Confirm with . or Enter, or press ? or * to list all spells.
Flames lash the adder skeleton.
You destroy the adder skeleton!
The ogre barely misses you.
Unknown command.
Casting: Scorch (safe; 1% risk of failure)
Confirm with . or Enter, or press ? or * to list all spells.
Flames lash the ogre.
The ogre is heavily wounded.
The ogre's fire resistance burns away.
The ogre misses you.
Unknown command.
Casting: Scorch (safe; 1% risk of failure)
Confirm with . or Enter, or press ? or * to list all spells.
Flames lash something.
The ogre misses you.
Unknown command.
A sky beast appears from thin air!
Reactivating autopickup.
The ogre is no longer more vulnerable to fire.
The sky beast is no longer more vulnerable to fire.
Casting: Scorch (safe; 1% risk of failure)
Confirm with . or Enter, or press ? or * to list all spells.
Flames lash the ogre.
The ogre is almost dead.
The ogre's fire resistance burns away.
Unknown command.
You open the door.
The ogre hits you with a +0 giant spiked club!!
Ouch! That really hurt!
You die...

#.....# ######.....#
#####...##.....# .#
)........Ys....# ...
#####...#####..########..#
#...##...Y..........(#
#...##......s.........
######......O......#.#
#......@.........
#######'#.#####.#
.........# .....#
.........# #.##.#
.........# #.##.#
.........# #.##.#
######..###.#.##.#
#...........#.##.#
#.......#####.##.#


You could see a sky beast, an ogre (combustible) and a scorpion.

Vanquished Creatures
  Grinder (D:4)
  Eustachio (D:4)
  Menkaure (D:5)
  A sky beast (D:4)
  Pargi (D:4)
  An ogre (D:3)
  A necrophage (D:5)
  A scorpion (D:4)
  A hound (D:5)
  An orc priest (D:4)
  Crazy Yiuf (D:4)
  2 iguanas
  3 orc wizards
  A hound zombie (D:5)
  A hound skeleton (D:4)
  A gnoll (D:1)
  3 adders
  An ufetubus (D:4)
  An adder skeleton (D:5)
  4 worms
  4 dart slugs
  13 orcs
  5 ball pythons
  9 endoplasms
  5 giant cockroaches
  10 goblins
  5 hobgoblins
  2 jackals (D:2)
  4 quokkas
  6 bats
  3 frilled lizards
  5 kobolds
  2 rats
101 creatures vanquished.

Vanquished Creatures (others)
  419 foxfires
419 creatures vanquished.

Grand Total: 520 creatures vanquished

Notes
Turn   | Place    | Note
-------+----------+-------------------------------------------
     0 | D:1      | Zeld the Deep Elf Fire Elementalist began the quest for the
                  | Orb.
     0 | D:1      | Reached XP level 1. HP: 10/10 MP: 6/6
   122 | D:1      | You fall into a shaft and drop 1 floor!
   129 | D:2      | Reached XP level 2. HP: 8/15 MP: 0/8
   134 | D:2      | Learned a level 2 spell: Scorch
   531 | D:1      | Reached XP level 3. HP: 19/19 MP: 2/10
  1521 | D:1      | Reached skill level 4 in Spellcasting
  1845 | D:1      | Found a faded altar of an unknown god.
  2726 | D:3      | Reached XP level 4. HP: 24/24 MP: 7/12
  2947 | D:3      | Noticed an ogre
  2952 | D:3      | Killed an ogre
  2953 | D:3      | Reached XP level 5. HP: 28/28 MP: 4/14
  3796 | D:3      | Reached skill level 5 in Spellcasting
  3856 | D:3      | Found Simean's Antique Armour Shoppe.
  4111 | D:3      | Found a burning altar of Makhleb.
  4415 | D:4      | Noticed Grinder
  4416 | D:4      | Paralysed by Grinder for 3 turns
  4424 | D:4      | Killed Grinder
  4425 | D:4      | Reached skill level 5 in Fire Magic
  4425 | D:4      | Reached XP level 6. HP: 32/32 MP: 2/16
  4430 | D:4      | Learned a level 4 spell: Flame Wave
  4555 | D:4      | Found a broken altar of Ashenzari.
  4609 | D:4      | Noticed Pargi
  4614 | D:4      | Killed Pargi
  4673 | D:4      | Found a staircase to the Ecumenical Temple.
  4683 | Temple   | Entered the Ecumenical Temple
  4748 | D:4      | Reached XP level 7. HP: 36/36 MP: 9/17
  4751 | D:4      | Reached skill level 6 in Spellcasting
  5053 | D:4      | Got the Disquisition on the Arsonist
  5432 | D:4      | Found a faded altar of an unknown god.
  5432 | D:4      | Found a faded altar of an unknown god.
  5434 | D:4      | Found a hazy altar of Hepliaklqana.
  5510 | D:4      | Noticed Eustachio
  5524 | D:4      | Killed Eustachio
  5525 | D:4      | Reached skill level 5 in Stealth
  5525 | D:4      | Reached skill level 7 in Spellcasting
  5597 | D:4      | Found a runed translucent door.
  5598 | D:4      | Noticed Crazy Yiuf
  5767 | D:4      | Killed Crazy Yiuf
  5857 | D:5      | Entered Level 5 of the Dungeon
  6019 | D:5      | Reached XP level 8. HP: 41/41 MP: 13/20
  6064 | D:5      | Noticed Menkaure
  6069 | D:5      | Killed Menkaure
  6261 | D:5      | Slain by an ogre

Illustrated notes

Levels and vault maps discovered:
D:1:      dpeg_arrival_simpleton_b, layout_basic, ebering_ecumenical_altar_mist
D:2:      layout_rooms
D:3:      minmay_skewed_foursquare, layout_basic, lightli_temple_of_fire,
          serial_shops, nicolae_shop_advertising_works
          [nicolae_subvault_shop_adworks], minmay_quantized
D:4:      layout_basic, nicolae_hepliaklqana_ecumenical_no_more,
          nicolae_overflow_crystal_walls, temple_doors_cd, minmay_checkerbox,
          uniq_crazy_yiuf_cottage, uniq_grinder, uniq_eustachio, uniq_pargi
D:5:      layout_basic, overflow_temple_1_default, uniq_menkaure, uniq_pikel
Temple:   corrupted_temple

Skill      XL: |  1  2  3  4  5  6  7  8 |
---------------+-------------------------+-----
Stealth        | 3 4 5 |  5.6
Spellcasting   | 4 5 7 |  7.8
Fire Magic     | 4 5 6 |  6.9
Dodging        | 3 4 |  4.0
Conjurations   | 2 3 4 |  4.2

Action                   |  1- 3 |  4- 6 |  7- 9 || total
-------------------------+-------+-------+-------++-------
Melee: Unarmed           |     4 |     1 |       ||     5
 Cast: Foxfire           |   107 |    95 |    70 ||   272
       Scorch            |     4 |    12 |    24 ||    40
       Flame Wave        |       |       |     2 ||     2
Armor: Robe              |     1 |     3 |     7 ||    11
Dodge: Dodged            |    13 |     6 |    17 ||    36
